 Dungeon Crawl Stone Soup version 0.19-a0-1091-g463c9de (webtiles) character file.

1021388 Yermak the Acrobat (level 27, -3/158 HPs)
             Began as a Spriggan Assassin on Aug 3, 2016.
             Was the Champion of Hepliaklqana.
             Killed from afar by a hellion (33 damage)
             ... with damnation
             ... in Pandemonium on Aug 8, 2016.
             The game lasted 10:49:02 (103785 turns).

Yermak the Acrobat (Spriggan Assassin)            Turns: 103785, Time: 10:49:03

Health: -3/158     AC: 27    Str: 11    XL:     27
Magic:  36/53      EV: 47    Int: 30    God:    Hepliaklqana [******]
Gold:   1675       SH: 13    Dex: 31    Spells: 17 memorised, 6 levels left

rFire  + + .     SeeInvis +     a - +7 Spriggan's Knife {MR+ EV+4 Dex+4 Stlth+, !a}
rCold  + + .     Gourm    .     q - +6 mottled dragon armour
rNeg   + + +     Faith    .     s - +3 buckler
rPois  ∞         Spirit   .     (helmet unavailable)
rElec  +         Dismiss  +     g - +1 cloak of Beauty {+Inv rElec rN+}
rCorr  +         Reflect  .     (gloves unavailable)
SustAt .         Harm     .     (boots unavailable)
MR     +++++     Clarity  +     r - amulet "Vanemef" {Dismiss MR+ Int+7 Dex+3}
Stlth  ++++++++++               f - ring of Erucw {rCorr rF+ Str+4}
                                A - +6 ring of dexterity {=R}

@: about to teleport, lich-form, deflect missiles, very quick
A: unfitting armour, horns 3, talons 1, iridescent scales 1, rugged brown scales
1, see invisible, clarity, clumsy 1, cold resistance 1, fire resistance 1,
herbivore 3, speed 3, magic resistance 1, slow metabolism 2, wild magic 1
a: End Transformation, Recall Ancestor, Ancestor Identity, Transference,
Idealise, Renounce Religion, Evoke Invisibility
}: 11/15 runes: barnacled, slimy, silver, golden, iron, obsidian, icy, bone,
abyssal, demonic, gossamer


You were in Pandemonium.
You worshipped Hepliaklqana.
Hepliaklqana was exalted by your worship.
You were not hungry.
You were a lich.
You visited 18 branches of the dungeon, and saw 90 of its levels.
You visited Pandemonium 1 time, and saw 17 of its levels.
You visited the Abyss 1 time.
You also visited: Labyrinth, Trove, Ossuary, Ice Cave and Wizlab.

You collected 7764 gold pieces.
You spent 6089 gold pieces at shops.

Inventory:

Hand Weapons
 a - the +7 Spriggan's Knife (weapon) {MR+ EV+4 Dex+4 Stlth+, !a}
   (You took it off a deep elf high priest on level 4 of the Depths)

   It affects your evasion (+4).
   It affects your dexterity (+4).
   It affects your resistance to hostile enchantments.
   It makes you more stealthy.
 z - the +1 hunting sling of the Last Deaths {flame, rElec rF+ rC+ Str-3}
   (You found it on level 1 of the Spider Nest)

   It causes projectiles fired from it to burn those they strike, causing extra
   injury to most foes and up to half again as much damage against particularly
   susceptible opponents.
   It affects your strength (-3).
   It protects you from fire.
   It protects you from cold.
   It insulates you from electricity.
Armour
 d - the +2 hat "Wuovanub" {rCorr}
   (You acquired it on level 1 of the Elven Halls)

   It protects you from acid and corrosion.
 g - the +1 cloak of Beauty (worn) {+Inv rElec rN+}
   (You found it on level 1 of the Elven Halls)

   It insulates you from electricity.
   It protects you from negative energy.
   It lets you turn invisible.
 q - a +6 mottled dragon armour (worn)
 s - a +3 buckler (worn)
 G - a +2 hat of intelligence
Jewellery
 b - the amulet of the Air {Inacc +Fly rElec EV+5 RMsl}
   (You found it on level 3 of the Elven Halls)

   [amulet of inaccuracy]

   It reduces the accuracy of all your attacks.
   It affects your evasion (+5).
   It insulates you from electricity.
   It lets you fly.
   It protects you from missiles.
 c - the ring "Xuodd" {+Fly rC+ Int+5}
   (You found it on level 4 of the Depths)

   [ring of flight]

   It affects your intelligence (+5).
   It protects you from cold.
   It lets you fly.
 f - the ring of Erucw (right hand) {rCorr rF+ Str+4}
   (You found it on level 3 of the Tomb of the Ancients)

   [ring of resist corrosion]

   It affects your strength (+4).
   It protects you from fire.
 p - an uncursed ring of sustain attributes
 r - the amulet "Vanemef" (around neck) {Dismiss MR+ Int+7 Dex+3}
   (You found it on level 5 of the Vaults)

   [amulet of dismissal]

   It may teleport away creatures that harm you.
   It affects your intelligence (+7).
   It affects your dexterity (+3).
   It affects your resistance to hostile enchantments.
 t - the ring "Nigeck" {*Tele MR+ Dex+3}
   (You found it on level 3 of the Tomb of the Ancients)

   [ring of teleportation]

   It may teleport you next to monsters.
   It affects your dexterity (+3).
   It affects your resistance to hostile enchantments.
 y - a +4 ring of evasion
 A - a +6 ring of dexterity (left hand) {=R}
 H - the amulet "Xikkoi Wain" {+Rage rF++ Int-5}
   (You took it off a deep elf elementalist on level 5 of the Vaults)

   [amulet of rage]

   It affects your intelligence (-5).
   It greatly protects you from fire.
   It lets you go berserk.
 K - the amulet of the Sturgeon {+Fly rPois rF- rN++ Regen+}
   (You found it on level 4 of the Depths)

   [amulet of regeneration]

   It makes you vulnerable to fire.
   It protects you from poison.
   It greatly protects you from negative energy.
   It lets you fly.
   It increases your rate of regeneration.
Wands
 e - a wand of teleportation (7/9)
 h - a wand of heal wounds (7/9)
 l - a wand of heal wounds (4/9)
 J - a wand of disintegration (8/24)
 P - a wand of digging (6/24)
 Q - a wand of hasting (5/9)
Scrolls
 v - 11 scrolls of enchant armour
 B - 13 scrolls of blinking
 I - 11 scrolls of recharging
 M - 8 scrolls of magic mapping
 R - 16 scrolls of identify
 S - 12 scrolls of fog
 T - 7 scrolls of teleportation
 U - 11 scrolls of amnesia
 X - 29 scrolls of remove curse
Potions
 k - 26 potions of curing
 n - 7 potions of might
 o - 6 potions of invisibility
 u - 5 potions of cancellation
 C - 7 potions of magic
 E - 8 potions of cure mutation {!q}
 F - 12 potions of brilliance
 L - 8 potions of ambrosia
 N - 9 potions of agility
 O - 13 potions of flight
 W - 13 potions of haste
 Y - 5 potions of resistance
 Z - a potion of heal wounds
Miscellaneous
 m - a fan of gales
 V - a figurine of a ziggurat
Comestibles
 w - 37 bread rations


   Skills:
 - Level 19.1 Fighting
 - Level 2.1 Short Blades
 - Level 2.0 Throwing
 - Level 12.6 Armour
 - Level 25.4 Dodging
 - Level 23.3 Stealth
 - Level 7.0 Shields
 - Level 25.0 Spellcasting
 - Level 12.0 Hexes
 - Level 12.0 Charms
 - Level 11.4 Summonings
 - Level 15.2 Necromancy
 - Level 19.0 Translocations
 - Level 22.0 Transmutations
 - Level 5.0 Ice Magic
 - Level 3.0 Air Magic
 + Level 20.9 Invocations
 - Level 12.0 Evocations


You had 6 spell levels left.
You knew the following spells:

 Your Spells              Type           Power        Failure   Level  Hunger
a - Shroud of Golubria    Chrm/Tloc      ########..   1%          2    N/A
b - Teleport Other        Tloc           ########     1%          3    N/A
c - Passwall              Tmut/Erth      #######...   1%          2    N/A
d - Blink                 Tloc           N/A          1%          2    N/A
f - Deflect Missiles      Chrm/Air       #######...   14%         6    N/A
g - Passage of Golubria   Tloc           N/A          1%          4    N/A
h - Ozocubu's Armour      Chrm/Ice       #######.     1%          3    N/A
o - Apportation           Tloc           ########..   1%          1    N/A
A - Aura of Abjuration    Summ           #######...   1%          5    N/A
B - Summon Butterflies    Summ           #######.     1%          1    N/A
C - Controlled Blink      Tloc           N/A          6%          8    N/A
D - Disjunction           Tloc           ########..   6%          8    N/A
H - Haste                 Chrm           #######.     2%          6    N/A
I - Invisibility          Hex            #######.     2%          6    N/A
N - Necromutation         Tmut/Necr      ########..   8%          8    N/A
R - Regeneration          Chrm/Necr      ########..   1%          3    N/A
Z - Sublimation of Blood  Necr           ########..   1%          2    N/A

Dungeon Overview and Level Annotations

Branches:
Dungeon (15/15)            Temple (1/1) D:5            Lair (6/6) D:11
 Shoals (4/4) Lair:2       Spider (4/4) Lair:2        Slime (5/5) Lair:5
    Orc (2/2) D:11            Elf (3/3) Orc:2        Vaults (5/5) D:13
  Crypt (3/3) Vaults:3       Tomb (3/3) Crypt:3      Depths (5/5) D:15
   Hell (1/1)                 Dis (7/7) Hell            Geh (7/7) Hell
    Coc (7/7) Hell            Tar (7/7) Hell            Zot (5/5) Depths:5

Altars:
Ashenzari
Cheibriados
Dithmenos
Elyvilon
Fedhas
Gozag
Hepliaklqana
Kikubaaqudgha
Makhleb
Nemelex Xobeh
Okawaru
Qazlal
Ru
Sif Muna
Trog
Uskayaw
Vehumet
Xom
Yredelemnul
The Shining One
Beogh
Jiyva

Shops:
D:6 ?!%:!   D:15 %   Orc:2 (}[(   Elf:2 =   Elf:3 [   Shoals:2 :   Depths:4 %:
Depths:5 ==}

Portals:
Hell: Depths:1 Depths:2 Depths:3 Depths:4 Depths:5
Abyss: Depths:1 Depths:2 Depths:4
Pandemonium: Depths:2 Depths:3
Ziggurat: Depths:4

Annotations:
D:3 exclusions: orc, orc priest and worm, Jessica
D:14 darkness
Depths:3 Mennas
Dis:6 2 runed doors
Dis:7 Dispater
Geh:7 Asmodeus
Coc:7 Antaeus
Tar:7 Ereshkigal


Innate Abilities, Weirdness & Mutations

You are tiny and cannot use many weapons and most armour.
You have supernaturally acute eyesight. (SInv)
You are a herbivore.
You cover ground extremely quickly.
You need consume almost no food.
You have a pair of large horns on your head.
You have sharp toenails.
You are partially covered in iridescent scales. (AC +2)
You are partially covered in rugged brown scales. (AC +1, +3% HP)
You possess an exceptional clarity of mind.
You are clumsy. (Dex -2)
Your flesh is cold resistant. (rC+)
Your flesh is heat resistant. (rF+)
You are resistant to hostile enchantments. (MR+)
Your spells are a little harder to cast, but a little more powerful.


Message History

The sphere of damnation explodes!
The damnation engulfs you!
Evoke which item? (* to show all) (? for menu, Esc to quit)
Zapping:
l - a wand of heal wounds (6/9)
Press: ? - help, Shift-Dir - straight line, f - you You feel much better.
This wand has 5 charges left.
Jaidun hits you!! x2
* * * LOW HITPOINT WARNING * * *
The amulet "Vanemef" {Dismiss MR+ Int+7 Dex+3} vibrates suddenly!
Jaidun disappears!
The hellion gestures at you.
The sphere of damnation explodes!
The damnation engulfs you!
* * * LOW HITPOINT WARNING * * *
Unknown command.
Unknown command.
Evoke which item? (* to show all) (? for menu, Esc to quit)
Zapping:
l - a wand of heal wounds (5/9)
Press: ? - help, Shift-Dir - straight line, f - you You feel much better.
This wand has 4 charges left.
The hellion gestures at you.
The sphere of damnation explodes!
The damnation engulfs you!
You die...

###.........#
#.###...#'####
.#...#+###2...##
.#.....###.2...##
.'.......#..6...##
.#.......'.......#
#.......##......#
###.....###....§#
#.#'#...# ##...L#
#...###.# ######
#.....###
#..R..[.#
#.......#
.#.......#
.'.......#
.#.(.....#
.#.......#


You could see an infernal demonspawn, a hellion and a tormentor.

Vanquished Creatures (collateral kills)
  the Royal Jelly (Slime:5)
  the Serpent of Hell (Coc:7)
  7 orbs of fire (Zot:5)
  Mara (Vaults:4)
  8 ancient liches
  A juggernaut (Depths:2)
  Boris (twice) (Vaults:4 Crypt:2)
  15 greater mummies
  Sojobo (Depths:1)
  Frederick (Vaults:2)
  Saint Roka (Crypt:2)
  Xtahua (Depths:3)
  Margery (Depths:5)
  4 caustic shrikes
  Geryon (Hell)
  2 curse toes
  4 Killer Klowns
  10 golden dragons
  Nikola (Depths:1)
  Jory (Tomb:3)
  the Enchantress (Depths:5)
  2 bone dragons
  The ghost of Aquadorian the Hoplite, an adept MiMo of Qazlal (Depths:1)
  2 electric golems
  A Brimstone Fiend (Dis:7)
  2 doom hounds (Tar:6)
  Jorgrun (Shoals:3)
  17 tentacled monstrosities
  2 Hell Sentinels (Dis:7)
  5 Ice Fiends
  Rupert (D:15)
  25 Orb Guardians (Zot:5)
  2 deep elf blademasters (Elf:3)
  8 liches
  5 titans
  13 acid blobs
  A kraken (Shoals:4)
  2 Executioners (Pan)
  3 quicksilver dragons
  2 deep elf master archers (Elf:3)
  12 sphinxes
  Murray (Hell)
  An eldritch tentacle (WizLab)
  Polyphemus (Shoals:2)
  8 death cobs
  Agnes (D:15)
  2 tentacled starspawn (Abyss:3)
  9 ancient champions
  Kirke (D:15)
  Frances (Shoals:2)
  12 shadow dragons
  9 tengu reavers
  4 draconian monks
  14 storm dragons
  20 azure jellies
  5 revenants
  6 deep elf sorcerers
  11 frost giants
  Ilsuiw (Shoals:3)
  9 fire giants
  5 draconian knights
  5 ghost moths
  7 iron dragons
  5 balrugs
  Louise (Shoals:2)
  3 draconian scorchers
  10 vault wardens
  Aizul (Elf:3)
  3 cacodemons
  2 curse skulls (Crypt:3)
  5 emperor scorpions
  An orc warlord (Orc:2)
  2 caustic shrike zombies (Hell)
  6 spriggan defenders
  5 deep elf elementalists
  A draconian shifter (Zot:3)
  3 draconian zealots
  2 elemental wellsprings (Coc:7)
  11 reapers
  5 ghouls
  15 ironheart preservers
  3 draconian annihilators
  11 war gargoyles
  16 very ugly things
  31 stone giants
  6 entropy weavers
  4 draconian callers
  4 green draconians
  The ghost of 4thArraOfDagon the Severer, a journeyman MiBe of Trog (Depths:1)
  10 bennus
  A lorocyproca (Pan)
  9 purple draconians
  7 vampire knights
  2 yellow draconians
  7 black draconians
  13 deep elf demonologists
  3 black suns (Pan)
  8 red draconians
  Azrael (Elf:1)
  10 mottled draconians
  12 spark wasps
  12 deep elf annihilators
  7 white draconians
  10 blizzard demons
  12 deep elf death magi
  3 eidola
  A minotaur (Lab)
  10 jiangshi
  28 mummy priests
  A quicksilver dragon zombie (Geh:5)
  6 merfolk javelineers
  26 yaktaur captains
  2 green deaths
  10 ettins
  3 death oozes
  21 ice dragons
  A minotaur (shapeshifter) (Vaults:5)
  6 deep elf high priests
  Snorg (Lair:4)
  5 merfolk impalers
  19 fire dragons
  15 great orbs of eyes
  41 vault guards
  2 monstrous demonspawn (Pan)
  Erolcha (D:10)
  A quicksilver dragon skeleton (Crypt:1)
  A hydra (Lair:2)
  3 catoblepae
  5 rakshasas
  8 merfolk avatars
  3 satyrs
  4 spriggan air magi
  6 merfolk aquamancers
  2 death knights
  14 ogre magi
  3 hell hogs (Hell)
  32 dancing weapons
  12 centaur warriors
  19 death scarabs
  8 tengu warriors
  17 death yaks
  13 deep troll shamans
  2 orc high priests (Orc:2)
  10 deep troll earth magi
  2 titan zombies (Coc:7)
  6 vampire magi
  2 naga sharpshooters (Depths:4)
  10 thrashing horrors
  5 spriggan berserkers
  A storm dragon zombie (Tomb:1)
  16 deep elf knights
  10 sun demons
  11 soul eaters
  6 wretched stars
  3 shadow wraiths
  59 skeletal warriors
  A storm dragon skeleton (Crypt:2)
  10 iron trolls
  A salamander mystic (Depths:2)
  A flayed ghost (Depths:3)
  40 hell knights
  An anaconda zombie (Crypt:3)
  6 unseen horrors
  A sea snake (shapeshifter) (Depths:3)
  A ghost moth zombie (Coc:7)
  A gelid demonspawn (Pan)
  3 shadow demons
  3 infernal demonspawn (Pan)
  31 anubis guards
  2 golden dragon zombies
  9 giant orange brains
  A deep troll (shapeshifter) (Depths:3)
  11 sea snakes
  6 golden dragon skeletons
  9 phantasmal warriors
  2 putrid demonspawn (Pan)
  A torturous demonspawn (Pan)
  4 hill giants
  17 ironbrand convokers
  7 wizards
  An obsidian statue (WizLab)
  42 deep trolls
  Pikel (D:7)
  2 iron dragon zombies
  6 deep elf archers
  10 orc knights
  4 anaconda skeletons
  A lindwurm (Lair:6)
  27 orb spiders
  45 wolf spiders
  58 deep elf magi
  13 necromancers
  2 oklob plants
  9 large abominations
  13 harpies
  A mana viper (shapeshifter) (Depths:1)
  61 ugly things
  7 orc sorcerers
  16 griffons
  7 hornets
  4 shining eyes
  8 cyclopes
  13 fauns
  12 manticores
  3 stone giant zombies
  A hornet (shapeshifter) (Depths:3)
  A human skeleton (Vaults:4)
  2 sixfirhies (Pan)
  9 sirens
  4 salamanders (Depths:2)
  A shock serpent zombie (Dis:7)
  2 fire giant zombies
  3 frost giant zombies
  A cyclops (shapeshifter) (Vaults:5)
  3 worldbinders
  17 moths of wrath
  3 guardian serpents
  2 iron dragon skeletons (Crypt:3)
  An elephant (shapeshifter) (Vaults:5)
  6 rust devils (Dis:7)
  12 elephants
  3 titan simulacra (Coc:7)
  18 vault sentinels
  2 frost giant skeletons
  6 fire giant skeletons
  2 eyes of devastation
  3 apocalypse crabs
  3 ice statues (IceCv)
  10 smoke demons
  5 water nymphs
  10 gargoyles
  3 stone giant skeletons
  A storm dragon simulacrum (Coc:7)
  3 black mambas
  3 guardian serpents (shapeshifter)
  8 spiny frogs
  10 orange demons
  A torpor snail (Lair:3)
  A molten gargoyle (Depths:2)
  A dire elephant skeleton (Tar:6)
  An alligator snapping turtle zombie (Crypt:2)
  3 hellions
  11 komodo dragons
  71 yaktaurs
  A spiny frog (shapeshifter) (Depths:1)
  An efreet (Abyss:1)
  A redback zombie (D:14)
  2 catoblepas zombies
  20 demonic crawlers
  8 anaconda simulacra
  14 freezing wraiths
  23 ice devils
  A black draconian zombie (Crypt:1)
  5 hellwings
  8 red devils
  A queen bee (Spider:4)
  An ancient zyme (Abyss:1)
  A minotaur zombie (Tomb:3)
  A white draconian skeleton (Crypt:1)
  5 tengu conjurers
  8 tormentors
  A harpy zombie (Crypt:1)
  47 guardian mummies
  A troll (shapeshifter) (Vaults:1)
  6 hydra zombies
  21 merfolk
  3 meliai (Spider:4)
  A death yak skeleton (Crypt:2)
  48 jumping spiders
  A hydra skeleton (Coc:7)
  11 polar bears
  3 spriggan zombies (Hell)
  The ghost of grom234 the Poker, an amateur MfSk of Okawaru (D:4)
  22 two-headed ogres
  A griffon zombie (Crypt:1)
  9 raiju
  6 trolls
  17 blink frogs
  Prince Ribbit (D:6)
  3 ice dragon zombies
  A polar bear (shapeshifter) (Depths:2)
  16 snapping turtles
  108 slime creatures
  9 ushabtiu
  3 ettin zombies
  2 fire dragon zombies
  2 raiju (shapeshifter) (Vaults:2)
  2 alligator zombies
  12 flying skulls
  3 deep troll zombies
  30 water elementals
  6 air elementals
  3 alligator skeletons
  A tarantella (shapeshifter) (Vaults:1)
  27 tarantellas
  4 boulder beetles
  A redback (shapeshifter) (Vaults:5)
  14 spriggans
  An ettin skeleton (D:15)
  2 fire dragon skeletons
  An elf zombie (Hell)
  2 ice dragon skeletons (Coc:7)
  7 shadows
  108 redbacks
  11 wraiths
  8 ynoxinuls
  2 hogs (D:15)
  66 yaks
  2 vampires
  7 fire elementals
  A human (D:2)
  A basilisk (shapeshifter) (Elf:2)
  4 hungry ghosts
  2 golden eyes (Slime:2)
  A golden eye (shapeshifter) (Depths:4)
  A chaos spawn (Abyss:2)
  A yaktaur simulacrum (Vaults:1)
  2 hogs (shapeshifter)
  5 wyverns
  8 hippogriffs
  A basilisk (Lair:3)
  A neqoxec (Abyss:2)
  A mottled dragon (D:15)
  6 spatial vortices (WizLab)
  16 wargs
  A monstrous demonspawn zombie (Crypt:1)
  2 soldier ants (shapeshifter)
  A tengu zombie (Hell)
  2 insubstantial wisps
  5 small abominations
  2 soldier ants
  A spiny frog zombie (Hell)
  2 hydra simulacra (Coc:7)
  22 hell hounds
  10 porcupines
  A spiny frog skeleton (Hell)
  36 orc warriors
  4 giant eyeballs
  A water nymph skeleton (Crypt:2)
  11 water moccasins
  A hornet simulacrum (Vaults:1)
  5 sky beasts
  A sky beast (shapeshifter) (Depths:2)
  3 slaves
  6 ice beasts
  18 black bears
  3 eyes of draining
  40 ogres
  4 phantoms
  5 necrophages
  30 wolves
  12 wasps
  A wolf (shapeshifter) (Depths:1)
  11 boggarts
  A boggart (shapeshifter) (Depths:4)
  29 centaurs
  A snapping turtle skeleton (Tomb:2)
  A manticore skeleton (Coc:7)
  12 crocodiles
  3 big kobolds
  A yaktaur zombie (Hell)
  20 giant frogs
  3 earth elementals
  A salamander skeleton (Crypt:1)
  4 troll zombies
  9 scorpions
  18 killer bees
  23 wights
  A howler monkey (D:4)
  A troll skeleton (Crypt:3)
  5 electric eels
  9 crimson imps
  4 giant frog zombies
  13 starcursed masses
  3 draconian simulacra (IceCv)
  3 centaur zombies
  2 quasits
  A wasp zombie (D:13)
  A wyvern simulacrum (D:14)
  2 human zombies
  3 iron imps
  9 centaur skeletons
  3 giant frog skeletons
  18 hounds
  21 orc wizards
  19 orc priests
  8 jellies
  6 iguanas
  A two-headed ogre skeleton (Crypt:2)
  11 worker ants
  2 troll simulacra (IceCv)
  A spriggan simulacrum (IceCv)
  A killer bee zombie (D:6)
  29 sheep
  5 ogre zombies (D:11)
  3 centaur simulacra
  An ogre skeleton (Tomb:3)
  A naga skeleton (Crypt:2)
  3 hound zombies
  A hound skeleton (D:6)
  55 mummies
  A worker ant zombie (D:9)
  A howler monkey skeleton (D:5)
  12 adders
  46 river rats
  2 naga simulacra (IceCv)
  3 shadow imps
  14 white imps
  2 ufetubi
  An ooze (D:1)
  A sheep zombie (Crypt:1)
  3 adder skeletons
  5 worms
  8 giant geckos
  111 orcs
  An orc (shapeshifter) (Vaults:5)
  4 giant cockroaches
  10 goblins
  6 hobgoblins
  20 jackals
  4 quokkas
  6 bats
  A goblin skeleton (D:11)
  3 goblin zombies (D:11)
  5 hobgoblin zombies
  2 jackal skeletons
  A jackal zombie (D:6)
  35 kobolds
  A kobold skeleton (Crypt:3)
  A kobold zombie (Crypt:1)
  An orc skeleton (D:11)
  17 orc zombies (D:11)
  2 quokka zombies (D:6)
  4 rats
  A rat zombie (Crypt:2)
  4 crawling corpses
  A fungus (D:11)
  2 lurking horrors (WizLab)
  3 plants
  4 tentacles (Shoals:4)
  A withered plant (D:15)
3643 creatures vanquished.

Vanquished Creatures (others)
  3 eldritch tentacles
  A shadow dragon (Tar:6)
  A tengu reaver (Depths:4)
  31 death scarabs (Tomb:2)
  A skeletal warrior (Tomb:1)
  A quicksilver dragon simulacrum (Tomb:3)
  A flayed ghost (Geh:7)
  A deep elf mage (Vaults:5)
  An ugly thing (Vaults:1)
  A hornet (Spider:4)
  3 yaktaurs
  2 jumping spiders
  2 redbacks
  A tarantella (Spider:1)
  2 humans (D:15)
  An insubstantial wisp (WizLab)
  2 hell hounds (Elf:1)
  2 ogres
  An orc priest (Crypt:2)
  A tengu zombie (Geh:5)
  2 mummies
  301 battlemagi
  An adder skeleton (D:7)
  4 orcs
  A giant cockroach (D:2)
  24 ancestors
  A bush (Lair:4)
  A crawling corpse (Elf:3)
  A demonic plant (Pan)
  2426 eldritch tentacle segments
  10 fungi
  2 lurking horrors
  49 plants
  2 starspawn tentacles (Abyss:3)
  146 starspawn tentacle segments (Abyss:3)
  38 tentacles
  2194 tentacle segments
  3 withered plants (D:15)
5265 creatures vanquished.

Grand Total: 8908 creatures vanquished

Notes
Turn   | Place    | Note
-------+----------+-------------------------------------------
     0 | D:1      | Yermak the Spriggan Assassin began the quest for the Orb.
     0 | D:1      | Reached XP level 1. HP: 10/10 MP: 2/2
   359 | D:2      | Found a deep blue altar of Sif Muna.
   389 | D:2      | Found a shadowy altar of Dithmenos.
   567 | D:3      | Found a hide-covered altar of Uskayaw.
   570 | D:3      | Noticed a hand axe
   571 | D:3      | Noticed a hand axe
   574 | D:3      | Found a white marble altar of Elyvilon.
   731 | D:3      | Noticed an ice beast
   793 | D:4      | Noticed grom234's ghost (amateur MfSk)
   800 | D:4      | Noticed an orc wizard
   800 | D:4      | Noticed an orc priest
   817 | D:4      | Noticed a scorpion
   832 | D:4      | Noticed a howler monkey
   862 | D:4      | Found a sand-covered staircase.
   900 | Ossuary  | Entered an ossuary
   969 | D:4      | Noticed a scorpion
  1010 | D:4      | Noticed a black bear
  1118 | D:5      | Entered Level 5 of the Dungeon
  1198 | D:5      | Gained mutation: You have sharp toenails. [potion of mutation]
  1198 | D:5      | Gained mutation: Your flesh is heat resistant. (rF+) [potion of mutation]
  1198 | D:5      | Gained mutation: You occasionally shout uncontrollably at your foes. [potion of mutation]
  1336 | D:5      | Found a staircase to the Ecumenical Temple.
  1345 | Temple   | Entered the Ecumenical Temple
  1386 | Temple   | Became a worshipper of Hepliaklqana
  1608 | D:5      | Reached skill level 6 in Stealth
  1669 | D:5      | Found a sparkling altar of Nemelex Xobeh.
  2159 | D:5      | Reached skill level 3 in Dodging
  2159 | D:5      | Reached XP level 2. HP: 14/14 MP: 3/3
  3206 | D:5      | Reached XP level 3. HP: 18/18 MP: 2/4
  3250 | D:5      | Found a sacrificial altar of Ru.
  3265 | D:5      | Gained mutation: You have a pair of small horns on your head. [potion of mutation]
  3265 | D:5      | Gained mutation: You are resistant to hostile enchantments. (MR+) [potion of mutation]
  3265 | D:5      | Gained mutation: You have a pair of horns on your head. [potion of mutation]
  3443 | D:5      | Reached XP level 4. HP: 22/22 MP: 5/5
  3950 | D:5      | Reached skill level 6 in Dodging
  4047 | D:5      | Reached XP level 5. HP: 15/25 MP: 6/6
  4270 | D:6      | Noticed a phantom
  4295 | D:6      | Found Daroj's Food Shoppe.
  4975 | D:5      | Noticed a centaur
  5057 | D:6      | Reached * piety under Hepliaklqana
  5393 | D:6      | Reached XP level 6. HP: 32/32 MP: 7/7
  5696 | D:5      | Reached skill level 3 in Fighting
  6273 | D:3      | Noticed Jessica
  6502 | D:3      | Killed an ice beast
  6502 | D:3      | Reached skill level 9 in Dodging
  6502 | D:3      | Reached XP level 7. HP: 37/37 MP: 2/8
  6721 | D:2      | Found a runed door.
  6721 | D:2      | Noticed a human
  6727 | D:2      | Found a basalt altar of Yredelemnul.
  6869 | D:2      | Killed a human
  6906 | D:2      | Found a glowing golden altar of the Shining One.
  6912 | D:2      | Reached ** piety under Hepliaklqana
  6913 | D:2      | Remembered your ancestor Titus as a battlemage
  7502 | D:4      | Killed grom234's ghost
  7502 | D:4      | Reached XP level 8. HP: 42/42 MP: 9/9
  7608 | D:4      | Reached skill level 1 in Invocations
  7821 | D:6      | Found Laobb's Distillery.
  7826 | D:6      | Bought a potion of agility for 56 gold pieces
  7826 | D:6      | Bought a potion of lignification for 42 gold pieces
  7826 | D:6      | Bought a potion of ambrosia for 112 gold pieces
  7838 | D:6      | Reached skill level 3 in Invocations
  7859 | D:6      | Found Duclixy's Book Shoppe.
  7902 | D:6      | Reached skill level 12 in Dodging
  8196 | D:6      | Found Magh's Magic Scroll Boutique.
  8239 | D:6      | Found Kuupni's Distillery.
  8248 | D:6      | Bought a potion of heal wounds for 70 gold pieces
  8375 | D:6      | Bought a scroll of remove curse for 30 gold pieces
  8375 | D:6      | Bought a scroll of noise for 10 gold pieces
  8581 | D:6      | Reached XP level 9. HP: 46/46 MP: 13/13
  8690 | D:7      | Noticed Pikel
  8753 | D:7      | Noticed Prince Ribbit
  8915 | D:6      | Killed Prince Ribbit
  8941 | D:7      | Got a crystal scimitar
  8942 | D:7      | Identified the +8 scimitar of Gebelosa {elec, MR++} (You found it on level 7 of the Dungeon)
  9067 | D:7      | Killed Pikel
  9267 | D:7      | Reached *** piety under Hepliaklqana
  9787 | D:8      | Reached skill level 9 in Stealth
  9863 | D:8      | Found a shimmering altar of Xom.
 10329 | D:8      | Reached XP level 10. HP: 51/51 MP: 15/15
 10859 | D:9      | Reached skill level 15 in Dodging
 10992 | D:9      | Reached **** piety under Hepliaklqana
 11686 | D:10     | Entered Level 10 of the Dungeon
 11758 | D:10     | Noticed Erolcha
 12044 | D:11     | Found a portal to a secret trove of treasure.
 12140 | D:11     | Found a staircase to the Lair.
 12141 | D:11     | Noticed an elephant
 12253 | D:11     | Killed an elephant
 12253 | D:11     | Reached skill level 12 in Stealth
 12309 | D:11     | Found a staircase to the Orcish Mines.
 13144 | D:10     | Killed Erolcha
 13144 | D:10     | Reached XP level 11. HP: 56/56 MP: 16/16
 13282 | D:6      | Bought a book of Minor Magic for 220 gold pieces
 13285 | D:6      | Learned a level 2 spell: Repel Missiles
 13288 | D:6      | Learned a level 2 spell: Blink
 13346 | D:8      | Reached skill level 1 in Spellcasting
 13431 | D:10     | Reached skill level 1 in Translocations
 13493 | D:10     | Reached ***** piety under Hepliaklqana
 13509 | D:10     | Noticed an unseen horror
 13518 | D:10     | Killed an unseen horror
 13518 | D:10     | Reached skill level 3 in Spellcasting
 13555 | D:10     | Reached skill level 3 in Translocations
 13979 | D:10     | Identified the Papyrus of the Creative Arsonist
 14782 | D:11     | Reached skill level 1 in Charms
 15031 | D:11     | Reached skill level 3 in Charms
 15042 | D:11     | Reached skill level 6 in Spellcasting
 15098 | D:12     | Noticed a hill giant
 15124 | D:12     | Killed a hill giant
 15207 | D:12     | Noticed a tengu warrior
 15423 | D:12     | Reached skill level 6 in Charms
 16004 | D:12     | Killed a tengu warrior
 16051 | D:13     | Noticed a green ugly thing
 16204 | D:13     | Found a frozen archway.
 16418 | D:13     | Killed a green ugly thing
 16485 | IceCv    | Entered an ice cave
 16710 | IceCv    | Reached XP level 12. HP: 60/60 MP: 25/25
 16833 | IceCv    | Reached skill level 9 in Spellcasting
 17540 | IceCv    | Reached skill level 6 in Fighting
 17747 | IceCv    | Got a colourful robe
 17756 | IceCv    | Got a brightly glowing hand axe
 17768 | IceCv    | Identified the +2 robe of the Red Skies {rElec rPois rC+} (You found it in an ice cave)
 17817 | IceCv    | Identified the cursed +2 hand axe "Jothro" {chop, rF- Int+6} (You found it in an ice cave)
 17833 | D:13     | Got a steaming lapis lazuli ring
 17835 | D:13     | Identified the ring of Wishful Thinking {Wiz rElec} (You found it on level 13 of the Dungeon)
 17846 | D:13     | Learned a level 6 spell: Dispersal
 17903 | Lair:1   | Entered Level 1 of the Lair of Beasts
 17934 | Lair:1   | Learned a level 3 spell: Regeneration
 18334 | Lair:1   | Reached skill level 18 in Dodging
 18369 | Lair:1   | Reached skill level 1 in Shields
 19154 | Lair:2   | Found a labyrinth entrance.
 19163 | Lab      | Entered a labyrinth
 19735 | Lab      | Identified a scroll of acquirement
 19898 | Lab      | Noticed a minotaur
 20298 | Lab      | Killed a minotaur
 20298 | Lab      | Reached skill level 3 in Shields
 20416 | Lair:2   | Found a hole to the Spider Nest.
 20475 | Lair:2   | You fall through a shaft!
 20858 | Lair:3   | Found a dark tunnel.
 20973 | Lair:2   | Found a staircase to the Shoals.
 21043 | Lair:2   | Reached XP level 13. HP: 64/67 MP: 27/27
 23036 | Lair:4   | Noticed Snorg
 23429 | Lair:4   | Reached skill level 6 in Invocations
 23457 | Lair:4   | Reached skill level 6 in Shields
 24475 | Lair:5   | Found a viscous altar of Jiyva.
 24475 | Lair:5   | Found a staircase to the Slime Pits.
 24763 | Lair:5   | Reached ****** piety under Hepliaklqana
 25155 | Lair:6   | Entered Level 6 of the Lair of Beasts
 25179 | Lair:5   | Reached XP level 14. HP: 50/72 MP: 28/28
 26200 | Lair:6   | Reached skill level 21 in Dodging
 27768 | Lair:6   | Reached skill level 9 in Invocations
 28684 | Orc:1    | Entered Level 1 of the Orcish Mines
 28952 | Orc:2    | Entered Level 2 of the Orcish Mines
 28970 | Orc:2    | Found a roughly hewn altar of Beogh.
 29012 | Orc:2    | Found a roughly hewn altar of Beogh.
 29472 | Orc:2    | Found a roughly hewn altar of Beogh.
 29556 | Orc:2    | Found a roughly hewn altar of Beogh.
 29609 | Orc:2    | Found Geph's Gadget Shop.
 29685 | Orc:2    | Found a roughly hewn altar of Beogh.
 29822 | Orc:2    | Found a staircase to the Elven Halls.
 29914 | Orc:2    | Found a roughly hewn altar of Beogh.
 29960 | Orc:2    | Found a roughly hewn altar of Beogh.
 30192 | Orc:1    | Found a roughly hewn altar of Beogh.
 30580 | Orc:2    | Found Fuih's Antique Weapon Shop.
 30661 | Orc:2    | Noticed a stone giant
 30887 | Orc:2    | Killed a stone giant
 30887 | Orc:2    | Reached XP level 15. HP: 75/75 MP: 28/31
 30994 | Orc:2    | Noticed an orc warlord
 31122 | Orc:2    | Killed an orc warlord
 31342 | Orc:2    | Found Sysof's Antique Weapon Shop.
 31343 | Orc:2    | Found a roughly hewn altar of Beogh.
 31344 | Orc:2    | Found Keish's Antique Armour Boutique.
 31363 | Orc:2    | Bought a glowing robe for 23 gold pieces
 31442 | Orc:2    | Bought a jewelled hand axe for 136 gold pieces
 31442 | Orc:2    | Identified the +8 hand axe "Alisahim" {chop, Dex+6} (You bought it in a shop on level 2 of the Orcish Mines)
 31967 | D:13     | Found a gate to the Vaults.
 32064 | D:13     | Reached skill level 12 in Spellcasting
 32192 | D:14     | Learned a level 4 spell: Passage of Golubria
 32198 | D:14     | Learned a level 5 spell: Lee's Rapid Deconstruction
 32201 | D:14     | Learned a level 2 spell: Passwall
 32208 | D:14     | Learned a level 6 spell: Invisibility
 33337 | D:15     | Entered Level 15 of the Dungeon
 33579 | D:15     | Noticed Kirke
 33687 | D:11     | You paid a toll of 12 potions of heal wounds to enter a treasure trove
 33688 | Trove    | Entered a treasure trove
 33734 | D:11     | Got a distressingly furry buckler
 33745 | D:11     | Identified the +2 buckler of the Fifty Seas {Str-5 Int+5} (You acquired it on level 11 of the Dungeon)
 33890 | Spider:1 | Entered Level 1 of the Spider Nest
 33893 | Lair:2   | Upgraded the game from 0.19-a0-1065-gdac414d to 0.19-a0-1079-g88a7474
 34025 | Spider:2 | Learned a level 1 spell: Summon Butterflies
 34660 | Spider:1 | Got a warped hunting sling
 34661 | Spider:1 | Lost strength.
 34661 | Spider:1 | Identified the cursed +1 hunting sling of the Last Deaths {flame, rElec rF+ rC+ Str-3} (You found it on level 1 of the Spider Nest)
 37227 | Spider:1 | Reached XP level 16. HP: 81/81 MP: 32/35
 38207 | Spider:2 | Reached skill level 24 in Dodging
 38513 | Spider:2 | Reached skill level 9 in Fighting
 39861 | D:6      | Bought a potion of heal wounds for 70 gold pieces
 39861 | D:6      | Bought a potion of curing for 42 gold pieces
 40314 | Spider:3 | Learned a level 1 spell: Apportation
 40317 | Spider:3 | Learned a level 2 spell: Shroud of Golubria
 40321 | Spider:3 | Learned a level 3 spell: Teleport Other
 40811 | Spider:4 | Entered Level 4 of the Spider Nest
 42567 | Spider:4 | Reached XP level 17. HP: 90/90 MP: 36/36
 44231 | Spider:3 | Reached skill level 6 in Translocations
 45142 | Spider:4 | Got a gossamer rune of Zot
 45969 | Spider:4 | Reached skill level 9 in Translocations
 46318 | Lair:4   | Killed Snorg
 46392 | Shoals:1 | Entered Level 1 of the Shoals
 47716 | Shoals:2 | Reached skill level 12 in Fighting
 47992 | Shoals:2 | Found Raycvi's Book Emporium.
 48205 | Shoals:2 | Noticed Frances
 48276 | Shoals:2 | Killed Frances
 48483 | Shoals:2 | Noticed Polyphemus
 48509 | Shoals:2 | Killed Polyphemus
 48567 | Shoals:2 | Reached skill level 12 in Translocations
 49333 | Shoals:3 | Noticed Louise
 49566 | Shoals:3 | Noticed Jorgrun
 49632 | Shoals:2 | Killed Louise
 49659 | Shoals:3 | Killed Jorgrun
 49706 | Shoals:3 | Reached XP level 18. HP: 98/98 MP: 37/37
 50117 | Shoals:4 | Entered Level 4 of the Shoals
 50383 | Shoals:4 | Noticed Ilsuiw
 50709 | Shoals:3 | Killed Ilsuiw
 51355 | Shoals:4 | Got a barnacled rune of Zot
 51361 | Shoals:4 | Reached skill level 15 in Stealth
 52754 | D:8      | Got a scorched hunting sling
 52755 | D:8      | Identified the +5 hunting sling of Linearity {speed, *Contam +Inv Dex+3} (You found it on level 8 of the Dungeon)
 52930 | Elf:1    | Entered Level 1 of the Elven Halls
 53308 | Elf:1    | Got a bloodstained cloak
 53319 | Elf:1    | Identified the +1 cloak of Beauty {+Inv rElec rN+} (You found it on level 1 of the Elven Halls)
 53320 | Elf:1    | Got a heavily runed hat
 53331 | Elf:1    | Identified the +2 hat "Wuovanub" {rCorr} (You acquired it on level 1 of the Elven Halls)
 53567 | Elf:1    | Noticed Azrael
 53887 | Elf:1    | Reached skill level 1 in Evocations
 54011 | Elf:1    | Killed Azrael
 54254 | Elf:2    | Reached skill level 3 in Evocations
 54410 | Elf:2    | Found Ruic's Jewellery Boutique.
 54654 | Elf:2    | Found a huge runed gate.
 54655 | Elf:2    | Found a huge runed gate.
 54656 | Elf:2    | Found a huge runed gate.
 54657 | Elf:2    | Found a huge runed gate.
 54657 | Elf:2    | Found a huge runed gate.
 54753 | Elf:2    | Reached skill level 6 in Evocations
 55633 | Elf:2    | Reached skill level 9 in Evocations
 55767 | Elf:2    | Reached XP level 19. HP: 71/104 MP: 27/38
 55978 | Elf:3    | Entered Level 3 of the Elven Halls
 56002 | Elf:3    | Noticed Aizul
 56026 | Elf:3    | Killed Aizul
 56051 | Elf:3    | Found Callanet's Armour Shoppe.
 56656 | Elf:3    | Reached skill level 12 in Evocations
 56990 | Elf:3    | Reached skill level 15 in Translocations
 58100 | Elf:3    | Got a bloodstained hand axe {venom}
 58110 | Elf:3    | Lost strength.
 58110 | Elf:3    | Identified the +10 hand axe "Trog's Outrage" {venom, Str-2 Int+3 Dex+2} (You took it off a deep elf death mage on level 3 of the Elven Halls)
 58459 | Elf:3    | Learned a level 8 spell: Controlled Blink
 58630 | Elf:3    | Got a slimy wooden ring
 58632 | Elf:3    | Identified the ring of the Eleven Ghosts {Fire rPois Stlth+} (You took it off a deep elf high priest on level 3 of the Elven Halls)
 58635 | Elf:3    | Got an uncursed translucent falchion {pain}
 58636 | Elf:3    | Identified the +7 falchion of Rimagedi {pain, *Noise Str+2 Int+4 Stlth+} (You took it off a deep elf high priest on level 3 of the Elven Halls)
 58939 | Elf:3    | Learned a level 5 spell: Aura of Abjuration
 59238 | Vaults:1 | Entered Level 1 of the Vaults
 59297 | Vaults:1 | Got a jewelled flail
 59298 | Vaults:1 | Identified the +9 flail "Hohaor" {crush, Str+4} (You found it on level 1 of the Vaults)
 59360 | Vaults:1 | You fall through a shaft!
 59763 | Vaults:1 | Reached skill level 15 in Spellcasting
 59922 | Vaults:1 | Reached skill level 1 in Hexes
 59985 | Vaults:1 | Reached XP level 20. HP: 110/110 MP: 40/40
 60044 | Vaults:1 | Reached skill level 3 in Hexes
 60422 | Vaults:1 | Reached skill level 6 in Hexes
 61516 | Vaults:2 | Reached skill level 9 in Hexes
 63061 | Vaults:3 | Noticed Frederick
 63180 | Vaults:2 | Reached skill level 12 in Hexes
 63186 | Vaults:2 | Killed Frederick
 63699 | Vaults:3 | Reached XP level 21. HP: 114/114 MP: 41/43
 64104 | Vaults:3 | Reached skill level 18 in Spellcasting
 64185 | Vaults:3 | Identified the ring "Suvatett" {rC+ Dex+3 Stlth+} (You found it on level 3 of the Vaults)
 64406 | Vaults:3 | Reached skill level 1 in Summonings
 64811 | Vaults:3 | Found a staircase to the Crypt.
 64811 | Vaults:3 | Found an ancient bone altar of Kikubaaqudgha.
 64815 | Vaults:3 | Found a basalt altar of Yredelemnul.
 64901 | Vaults:4 | Noticed Boris
 65175 | Vaults:4 | Killed Boris
 65175 | Vaults:4 | Reached skill level 3 in Summonings
 66427 | Vaults:4 | Noticed Mara
 66559 | Vaults:4 | Killed Mara
 66559 | Vaults:4 | Reached skill level 6 in Summonings
 67151 | D:15     | Killed Kirke
 67163 | D:15     | Found a staircase to the Depths.
 67343 | D:15     | Found Xedd's Food Shoppe.
 67344 | D:15     | Noticed Agnes
 67366 | D:15     | Killed Agnes
 67385 | D:15     | Noticed Rupert
 67391 | D:15     | Killed Rupert
 67722 | Depths:1 | Entered Level 1 of the Depths
 67850 | Depths:1 | Found a magical portal.
 67850 | Depths:1 | Noticed Sojobo
 67852 | Depths:1 | Noticed Nikola
 67859 | Depths:1 | Noticed 4thArraOfDagon's ghost (journeyman MiBe)
 67873 | WizLab   | Entered The Roulette of Golubria
 67878 | WizLab   | Found a corrupted altar of Lugonu.
 67894 | WizLab   | Reached XP level 22. HP: 117/119 MP: 42/47
 68021 | WizLab   | Found a corrupted altar of Lugonu.
 68150 | WizLab   | Identified the Guide on Translocation (You found it in a wizard's laboratory)
 68563 | WizLab   | Identified the +0 cloak of Whack-A-Mole {rElec Str+2} (You found it in a wizard's laboratory)
 68567 | WizLab   | Identified Golubria's Papyrus of Translocation (You found it in a wizard's laboratory)
 68573 | WizLab   | Identified the +0 cloak of Heak {Str+6} (You found it in a wizard's laboratory)
 68578 | WizLab   | Identified the cursed +0 cloak of Okkaz {*Corrode +Inv Int+6} (You found it in a wizard's laboratory)
 68597 | Depths:1 | Noticed Aquadorian's ghost (adept MiMo)
 68613 | Depths:1 | Killed Sojobo
 68629 | Depths:1 | Killed Aquadorian's ghost
 68671 | Depths:1 | Killed 4thArraOfDagon's ghost
 68710 | Depths:1 | Killed Nikola
 68710 | Depths:1 | Reached skill level 9 in Summonings
 68932 | Depths:1 | Reached skill level 21 in Spellcasting
 69052 | Depths:1 | Found a gateway to Hell.
 69149 | Depths:1 | Found a one-way gate to the infinite horrors of the Abyss.
 70134 | Depths:2 | Noticed a juggernaut
 70254 | Depths:2 | Killed a juggernaut
 70410 | Depths:2 | Found a one-way gate leading to the halls of Pandemonium.
 70796 | Depths:2 | Noticed a caustic shrike
 70877 | Depths:1 | Killed a caustic shrike
 70877 | Depths:1 | Reached XP level 23. HP: 123/123 MP: 50/50
 71344 | Depths:3 | Noticed Mennas
 72624 | Depths:3 | Noticed Xtahua
 72739 | Depths:3 | Killed Xtahua
 72896 | Depths:3 | Reached skill level 24 in Spellcasting
 73130 | Depths:3 | Noticed a caustic shrike
 73718 | Depths:3 | Noticed a caustic shrike
 73724 | Depths:3 | Killed a caustic shrike
 73987 | Depths:3 | Killed a caustic shrike
 74305 | Depths:4 | Got a ring of the Octopus King
 74307 | Depths:4 | Identified a ring of the Octopus King {AC+1 EV+1 Str+1 Int+1 Dex+1 SInv} (You found it on level 4 of the Depths)
 74604 | Depths:4 | Found Qiwnyuho's Food Emporium.
 74730 | Depths:4 | Got a glittering silver ring
 74732 | Depths:4 | Identified the ring of Guamnoiw {rCorr Int+2} (You took it off a vampire knight on level 4 of the Depths)
 74849 | Depths:4 | Got a slimy lapis lazuli ring
 74850 | Depths:4 | Identified the ring "Xuodd" {+Fly rC+ Int+5} (You found it on level 4 of the Depths)
 74892 | Depths:4 | Found Jusef's Book Emporium.
 75120 | Depths:3 | Reached XP level 24. HP: 115/130 MP: 52/53
 75255 | Depths:4 | Got a heavily runed bone amulet
 75256 | Depths:4 | Identified the amulet of the Sturgeon {+Fly rPois rF- rN++ Regen+} (You found it on level 4 of the Depths)
 75327 | Depths:4 | Found a gateway to a ziggurat.
 75428 | Depths:4 | Reached skill level 12 in Invocations
 75808 | Depths:4 | Reached skill level 15 in Fighting
 76057 | Hell     | Entered the Vestibule of Hell
 76057 | Hell     | Noticed Murray
 76057 | Hell     | Noticed Geryon
 76081 | Depths:5 | Entered Level 5 of the Depths
 76432 | Depths:5 | Noticed Margery
 76445 | Depths:5 | Killed Margery
 76642 | Depths:5 | Noticed the Enchantress
 76920 | Depths:5 | Killed the Enchantress
 76925 | Depths:5 | Identified the +0 faerie dragon armour {MR+} (You took it off the Enchantress on level 5 of the Depths)
 77170 | Depths:5 | Found a gate to the Realm of Zot.
 77244 | Depths:5 | Found Sureofip's Gadget Emporium.
 77244 | Depths:5 | Found Jontecof's Jewellery Shop.
 77245 | Depths:5 | Found Myvofac's Jewellery Shop.
 77465 | Depths:4 | Voluntarily entered the Abyss.
 77817 | Abyss:1  | Found a corrupted altar of Lugonu.
 77857 | Abyss:2  | Reached XP level 25. HP: 137/137 MP: 52/53
 77953 | Abyss:2  | Found an iron altar of Okawaru.
 78216 | Abyss:3  | Got a translucent dagger
 78238 | Abyss:3  | Identified the +10 dagger "Dusm" {pierce, Str+7 Dex+3 SInv} (You found it on level 3 of the Abyss)
 78243 | Abyss:3  | Reached skill level 15 in Invocations
 78249 | Abyss:3  | Found a roughly hewn altar of Beogh.
 78464 | Abyss:3  | Got an abyssal rune of Zot
 78484 | Abyss:3  | Found a roughly hewn altar of Beogh.
 78508 | Depths:4 | Escaped the Abyss
 78805 | D:6      | Bought a potion of cure mutation for 350 gold pieces
 78805 | D:6      | Bought a potion of haste for 140 gold pieces
 78805 | D:6      | Bought a potion of magic for 112 gold pieces
 78805 | D:6      | Bought 2 potions of cancellation for 224 gold pieces
 78805 | D:6      | Bought a potion of cancellation for 112 gold pieces
 78858 | D:6      | Bought a scroll of teleportation for 30 gold pieces
 78858 | D:6      | Bought a scroll of magic mapping for 35 gold pieces
 78858 | D:6      | Bought a scroll of identify for 20 gold pieces
 78858 | D:6      | Bought a scroll of identify for 20 gold pieces
 78858 | D:6      | Bought a scroll of teleportation for 30 gold pieces
 78937 | D:6      | Bought a potion of haste for 140 gold pieces
 79250 | Depths:4 | Bought a book of Enchantments for 800 gold pieces
 79250 | Depths:4 | Bought the Almanac of Self-Knowledge and Unholy Arts for 1499 gold pieces
 79255 | Depths:4 | Learned a level 3 spell: Ozocubu's Armour
 79262 | Depths:4 | Learned a level 6 spell: Haste
 79269 | Depths:4 | Learned a level 6 spell: Deflect Missiles
 79368 | Zot:1    | Entered Level 1 of the Realm of Zot
 79437 | Zot:1    | Reached skill level 1 in Ice Magic
 79437 | Zot:1    | Reached skill level 1 in Air Magic
 79916 | Zot:1    | Reached skill level 3 in Air Magic
 80188 | Zot:1    | Reached skill level 3 in Ice Magic
 80659 | Zot:2    | Reached skill level 9 in Charms
 81767 | Zot:4    | Reached XP level 26. HP: 144/144 MP: 42/53
 82448 | Zot:4    | Reached skill level 12 in Charms
 82448 | Zot:4    | Reached skill level 18 in Translocations
 82775 | Zot:5    | Entered Level 5 of the Realm of Zot
 83527 | Zot:5    | Learned a level 8 spell: Disjunction
 83568 | Zot:5    | Noticed an ancient lich
 83717 | Zot:5    | Killed an ancient lich
 83764 | Zot:5    | Noticed an orb of fire
 83767 | Zot:5    | Gained mutation: Potions and wands are less effective at restoring your health. [an orb of fire]
 83793 | Zot:5    | Killed an orb of fire
 83874 | Zot:5    | Noticed an ancient lich
 83934 | Zot:5    | Noticed an orb of fire
 83947 | Zot:5    | Killed an orb of fire
 83957 | Zot:5    | Reached skill level 18 in Fighting
 83960 | Zot:5    | Noticed an orb of fire
 83970 | Zot:5    | Killed an orb of fire
 83971 | Zot:5    | Noticed an ancient lich
 83978 | Zot:5    | Killed an ancient lich
 84010 | Zot:5    | Killed an ancient lich
 84165 | Zot:5    | Noticed an ancient lich
 84165 | Zot:5    | Reached skill level 18 in Invocations
 84177 | Zot:5    | Killed an ancient lich
 84177 | Zot:5    | Reached XP level 27. HP: 153/153 MP: 49/53
 84286 | Zot:5    | Noticed an orb of fire
 84302 | Zot:5    | Killed an orb of fire
 84322 | Zot:5    | Noticed an orb of fire
 84348 | Zot:5    | Killed an orb of fire
 84455 | Zot:5    | Noticed an orb of fire
 84465 | Zot:5    | Killed an orb of fire
 84639 | Zot:5    | Noticed an orb of fire
 84647 | Zot:5    | Killed an orb of fire
 84694 | Zot:5    | Upgraded the game from 0.19-a0-1079-g88a7474 to 0.19-a0-1091-g463c9de
 85230 | Slime:1  | Entered Level 1 of the Pits of Slime
 85507 | Slime:1  | Reached skill level 18 in Stealth
 85580 | Slime:2  | Gained mutation: You are clumsy. (Dex -2) [a shining eye]
 85590 | Slime:2  | Reached skill level 1 in Transmutations
 85593 | Slime:2  | Reached skill level 1 in Necromancy
 85728 | Slime:3  | Reached skill level 3 in Transmutations
 85892 | Slime:4  | Reached skill level 3 in Necromancy
 85912 | Slime:5  | Entered Level 5 of the Pits of Slime
 85984 | Slime:5  | Reached skill level 6 in Transmutations
 86108 | Slime:5  | Gained mutation: You expend magic power (3 MP) to strengthen your wands. [a shining eye]
 86263 | Slime:5  | Noticed the Royal Jelly
 86325 | Slime:5  | Killed the Royal Jelly
 86325 | Slime:5  | Reached skill level 6 in Necromancy
 86325 | Slime:5  | Reached skill level 9 in Transmutations
 86500 | Slime:5  | Got a slimy rune of Zot
 87018 | Crypt:1  | Entered Level 1 of the Crypt
 87634 | Crypt:2  | Noticed Boris
 87652 | Crypt:2  | Killed Boris
 87749 | Crypt:2  | Noticed Saint Roka
 87777 | Crypt:2  | Killed Saint Roka
 87777 | Crypt:2  | Reached skill level 12 in Transmutations
 87925 | Crypt:2  | Reached skill level 9 in Necromancy
 88103 | Crypt:3  | Entered Level 3 of the Crypt
 88591 | Crypt:3  | Identified the ring "Umiump" {rC+ rN+ MR+} (You found it on level 3 of the Crypt)
 88592 | Crypt:3  | Identified the ring "Deofuucw" {rN+ Str+3 Int+2 SInv} (You found it on level 3 of the Crypt)
 88593 | Crypt:3  | Identified the ring "Limycut" {rElec rN+} (You found it on level 3 of the Crypt)
 88680 | Crypt:3  | Found a staircase to the Tomb.
 89065 | Crypt:3  | Noticed an ancient lich
 89071 | Crypt:3  | Killed an ancient lich
 89166 | Crypt:3  | Found an ancient bone altar of Kikubaaqudgha.
 89179 | Crypt:3  | Noticed an ancient lich
 89200 | Crypt:3  | Killed an ancient lich
 89224 | Crypt:3  | Noticed an ancient lich
 89233 | Crypt:3  | Killed an ancient lich
 89233 | Crypt:3  | Reached skill level 15 in Transmutations
 89329 | Crypt:3  | Learned a level 2 spell: Sublimation of Blood
 89753 | Depths:4 | Bought a Necronomicon for 1766 gold pieces
 89762 | Depths:4 | Learned a level 8 spell: Necromutation
 90184 | Tomb:1   | Entered Level 1 of the Tomb of the Ancients
 90599 | Tomb:1   | Noticed a greater mummy
 90620 | Tomb:1   | Killed a greater mummy
 90741 | Tomb:1   | Noticed a greater mummy
 90748 | Tomb:1   | Killed a greater mummy
 90749 | Tomb:1   | Noticed a greater mummy
 90863 | Tomb:1   | Killed a greater mummy
 90863 | Tomb:1   | Reached skill level 18 in Transmutations
 91065 | Tomb:2   | Noticed a greater mummy
 91065 | Tomb:2   | Noticed a greater mummy
 91066 | Tomb:2   | Noticed a greater mummy
 91067 | Tomb:2   | Noticed a greater mummy
 91167 | Tomb:1   | Killed a greater mummy
 91178 | Tomb:1   | Killed a greater mummy
 91242 | Tomb:1   | Killed a greater mummy
 91343 | Tomb:1   | Killed a greater mummy
 91443 | Tomb:2   | Reached skill level 12 in Necromancy
 91932 | Tomb:2   | Gained mutation: You are frail. (-10% HP) [potion of mutation]
 91932 | Tomb:2   | Gained mutation: You possess an exceptional clarity of mind. [potion of mutation]
 91945 | Tomb:3   | Entered Level 3 of the Tomb of the Ancients
 92377 | Tomb:3   | Noticed a greater mummy
 92378 | Tomb:3   | Noticed a greater mummy
 92525 | Tomb:3   | Noticed an ancient lich
 92592 | Tomb:3   | Noticed a greater mummy
 92761 | Tomb:2   | Killed a greater mummy
 93000 | Tomb:2   | Killed a greater mummy
 93145 | Tomb:2   | Killed an ancient lich
 93253 | Tomb:2   | Killed a greater mummy
 93504 | Tomb:3   | Noticed a greater mummy
 93511 | Tomb:3   | Noticed a greater mummy
 93513 | Tomb:3   | Noticed a greater mummy
 93514 | Tomb:3   | Killed a greater mummy
 93523 | Tomb:3   | Killed a greater mummy
 93579 | Tomb:3   | Killed a greater mummy
 93585 | Tomb:3   | Noticed a greater mummy
 93594 | Tomb:3   | Killed a greater mummy
 93638 | Tomb:3   | Noticed Jory
 93649 | Tomb:3   | Identified the ring of Erucw {rCorr rF+ Str+4} (You found it on level 3 of the Tomb of the Ancients)
 93653 | Tomb:3   | Identified the Incunabulum of Scorching Enhancements (You found it on level 3 of the Tomb of the Ancients)
 93654 | Tomb:3   | Killed Jory
 93657 | Tomb:3   | Identified Sif Muna's Collected Works on Poison and Necromancy (You found it on level 3 of the Tomb of the Ancients)
 93660 | Tomb:3   | Got a warped rapier
 93661 | Tomb:3   | Identified the +6 rapier of Plog {speed, rElec rF+ Str+2} (You found it on level 3 of the Tomb of the Ancients)
 93670 | Tomb:3   | Got a glittering amber ring
 93671 | Tomb:3   | Identified the ring "Quceeh" {Ice +Blink +Fly} (You found it on level 3 of the Tomb of the Ancients)
 93675 | Tomb:3   | Got a glittering silver ring
 93676 | Tomb:3   | Identified the ring "Nigeck" {*Tele MR+ Dex+3} (You found it on level 3 of the Tomb of the Ancients)
 93680 | Tomb:3   | Identified the Disquisition on Mutagenic Arcane Weapons
 93757 | Tomb:3   | Got a brightly glowing hunting sling
 93758 | Tomb:3   | Identified the +10 hunting sling "Leviticus" {velocity, rN+} (You found it on level 3 of the Tomb of the Ancients)
 93768 | Tomb:3   | Noticed a greater mummy
 93768 | Tomb:3   | Got a golden rune of Zot
 93785 | Tomb:3   | Killed a greater mummy
 93799 | Tomb:3   | Gained mutation: You have a pair of large horns on your head. [potion of mutation]
 94608 | D:15     | Lost mutation: You are clumsy. (Dex -2) [potion of mutation]
 94740 | Depths:4 | Lost mutation: You are frail. (-10% HP) [potion of mutation]
 95200 | Lair:1   | Gained mutation: You are partially covered in iridescent scales. (AC +2) [potion of mutation]
 95242 | Lair:1   | Gained mutation: Your spells are a little harder to cast, but a little more powerful. [potion of mutation]
 95242 | Lair:1   | Lost mutation: Potions and wands are less effective at restoring your health. [potion of mutation]
 95317 | Shoals:1 | Lost mutation: You expend magic power (3 MP) to strengthen your wands. [potion of mutation]
 95317 | Shoals:1 | Gained mutation: Your flesh is cold resistant. (rC+) [potion of mutation]
 95317 | Shoals:1 | Gained mutation: You are partially covered in rugged brown scales. (AC +1, +3% HP) [potion of mutation]
 95345 | Shoals:3 | Lost mutation: You occasionally shout uncontrollably at your foes. [potion of mutation]
 95345 | Shoals:3 | Gained mutation: You are clumsy. (Dex -2) [potion of mutation]
 95877 | Vaults:5 | Entered Level 5 of the Vaults
 96059 | Vaults:5 | Reached skill level 21 in Transmutations
 96167 | Vaults:5 | Identified the amulet "Vanemef" {Dismiss MR+ Int+7 Dex+3} (You found it on level 5 of the Vaults)
 96850 | Vaults:5 | Identified the amulet "Xikkoi Wain" {+Rage rF++ Int-5} (You took it off a deep elf elementalist on level 5 of the Vaults)
 96918 | Vaults:5 | Reached skill level 21 in Stealth
 96924 | Vaults:5 | Reached skill level 15 in Necromancy
 97147 | Vaults:5 | Got a silver rune of Zot
 97282 | Vaults:5 | Reached skill level 1 in Armour
 97715 | Hell     | Killed Murray
 97715 | Hell     | Reached skill level 3 in Armour
 97974 | Hell     | Found a gateway to the Iron City of Dis.
 98012 | Hell     | Reached skill level 6 in Armour
 98060 | Hell     | Found a gateway to the freezing wastes of Cocytus.
 98138 | Hell     | Killed Geryon
 98262 | Hell     | Found a gateway to the ashen valley of Gehenna.
 98329 | Hell     | Found a gateway to the decaying netherworld of Tartarus.
 98398 | Hell     | Reached skill level 9 in Armour
 98529 | Dis:1    | Entered Level 1 of the Iron City of Dis
 98885 | Dis:6    | Found a huge runed gate.
 98885 | Dis:6    | Found a huge runed gate.
 98901 | Dis:7    | Entered Level 7 of the Iron City of Dis
 99131 | Dis:7    | Identified the cursed +1 storm dragon armour "Xunliaf" {-Cast rElec rN+ Str-2 Int+7} (You found it on level 7 of the Iron City of Dis)
 99415 | Dis:7    | Reached skill level 12 in Armour
 99474 | Dis:7    | Noticed Dispater
 99482 | Dis:7    | Got an iron rune of Zot
 99568 | Coc:1    | Entered Level 1 of Cocytus
 99881 | Coc:7    | Entered Level 7 of Cocytus
100145 | Coc:7    | Noticed the Serpent of Hell
100656 | Coc:7    | Killed the Serpent of Hell
100942 | Coc:7    | Noticed Antaeus
100945 | Coc:7    | Got an icy rune of Zot
101155 | Tar:1    | Entered Level 1 of Tartarus
101530 | Tar:7    | Entered Level 7 of Tartarus
101541 | Tar:7    | Noticed Ereshkigal
101559 | Tar:7    | Got a bloodstained dagger
101559 | Tar:7    | Got a heavily runed cloak
101559 | Tar:7    | Got a bone rune of Zot
101560 | Tar:7    | Identified the +0 cloak of Activism {rElec} (You found it on level 7 of Tartarus)
101570 | Tar:7    | Identified the +2 dagger of Truth {flame, Fragile Str+7 Int+4 SInv} (You found it on level 7 of Tartarus)
101674 | Geh:1    | Entered Level 1 of Gehenna
101882 | Geh:7    | Entered Level 7 of Gehenna
101943 | Geh:7    | Noticed Asmodeus
101947 | Geh:7    | Got an obsidian rune of Zot
102152 | Pan      | Entered Pandemonium
102554 | Pan      | Noticed Jisolo the pandemonium lord
102582 | Pan      | Found an exit through the horrors of the Abyss.
102619 | Pan      | Noticed Sontiocw the pandemonium lord
102682 | Pan      | Found an exit through the horrors of the Abyss.
102878 | Pan      | Found an exit through the horrors of the Abyss.
102899 | Pan      | Found a runed door.
102904 | Pan      | Identified the Volume of Feathery Protection
102905 | Pan      | Found a runed door.
102909 | Pan      | Found a runed door.
102916 | Pan      | Found a runed door.
102919 | Pan      | Noticed Bynaaw the pandemonium lord
102921 | Pan      | Identified the +6 hunting sling "Rixul" {speed, +Blink rC+ Dex+6 Stlth-} (You found it in Pandemonium)
103004 | Pan      | Noticed Vyli the pandemonium lord
103060 | Pan      | Found an exit through the horrors of the Abyss.
103138 | Pan      | Got a demonic rune of Zot
103316 | Pan      | Found an exit through the horrors of the Abyss.
103623 | Pan      | Found an exit through the horrors of the Abyss.
103755 | Pan      | Noticed Jaidun the pandemonium lord
103785 | Pan      | Killed from afar by a hellion

Vault maps used:
D:1:      evilmike_arrival_plus, hex_medium, minmay_door_square
D:2:      grunt_temple_overflow_open, first_bread, dk_yredelemnul_ordeal
D:3:      overflow_temple_1_default, dancing_weapons_uskayaw,
          serial_park_tiny_2, uniq_jessica
D:4:      nicolae_ossuary_entry_giza
D:5:      kennysheep_little_box, basic_altar, minmay_misc_feat_four_crosses,
          minmay_misc_feat_nine_boxes
D:6:      serial_undead, serial_undead_e, serial_undead_d, serial_undead_b,
          serial_undead_e, serial_shops, shop, shop, shop_statue,
          nicolae_shop_waterfront, shop
D:7:      kennysheep_kobold_camp, minivault_5, uniq_prince_ribbit1, uniq_pikel
D:8:      basic_altar
D:10:     uniq_erolcha
D:11:     statuecave_lemuel, david_lair_generic, zombieorc2_lemuel,
          enter_trove_1
D:12:     the_bakery
D:13:     lightli_vaults_fourway_checkpoint, portal_ice_cave_entry_imps
D:15:     gammafunk_depths_entry_grave, serial_shops, shop, serial_bayou_pond_c,
          uniq_kirke, uniq_rupert, uniq_agnes
Temple:   nicolae_temple_elliptical
Lair:1:   bh_autumn_forest_stairs, grunt_megastairs_5
Lair:2:   minmay_shoals_entry_hut, spider_nest_entry_a, lab_entry_generic,
          forest_entry_grove
Lair:3:   enter_volcano_2, serial_bayou_pond_b, beast_lair_carwin_8,
          grunt_megastairs_2
Lair:4:   beast_lair_carwin_6, lemuel_fruit_fields, uniq_snorg
Lair:5:   dpeg_slime_entry_enclosed_altar, wad_woods_road_04
Lair:6:   hangedman_lair_caniforms_friends, hangedman_lair_in_review
Shoals:1: nicolae_shoals_stone_sculpture_thing
Shoals:2: serial_shops, shop, uniq_polyphemus, uniq_frances
Shoals:3: uniq_jorgrun, uniq_louise
Shoals:4: shoals_end_simple, shoals_ilsuiw_ice
Spider:1: spider_trap
Spider:3: nicolae_orb_stairs
Spider:4: grunt_spider_rune_island, nicolae_looking_at_the_future
Slime:1:  cheibrodos_slime_lost_civilization_5
Slime:3:  cheibrodos_slime_lost_civilization_2
Orc:1:    mines1_david
Orc:2:    grunt_orc_community_town_hall, grunt_orc_community_big_house_1,
          grunt_orc_community_big_house_1, grunt_orc_community_house_1,
          grunt_orc_community_house_1, grunt_orc_community_house_1,
          grunt_orc_community_house_1, grunt_orc_community_house_3
Elf:1:    minmay_elf_crystal_heptagon, uniq_azrael
Elf:2:    serial_shops, nicolae_shop_competitors_out_of_business
Elf:3:    elf_hall, serial_shops, shop, corner_web_ring, spider_trap, uniq_aizul
Vaults:1: ontoclasm_vaults_hangar, vaults_room_door_hall,
          nicolae_vaults_shelves_hall, v_alt_pattern_3, v_misc_33, v_misc_25,
          vaults_dpeg_hooks, vaults_room_hallway, vaults_mumra_hex, v_misc_8,
          vaults_room_grid
Vaults:2: v_misc_1, hangedman_vaults_slice, nicolae_vaults_disjoint_gnomons,
          dpeg_vaults_monster_box, nicolae_vaults_triangles, v_misc_12,
          v_misc_24, vaults_dpeg_diagonal, vaults_dpeg_cross,
          ontoclasm_vaults_decontamination
Vaults:3: hangedman_vaults_slice, hangedman_vaults_cutoff, v_misc_18,
          st_octagons_2, v_alt_pattern_2, nicolae_vaults_yaktaur_gun_rack,
          hangedman_vaults_stitches, minmay_crypt_entry_necro_gods,
          uniq_frederick
Vaults:4: ontoclasm_vaults_eye, vaults_room_corners,
          nicolae_vaults_little_squares_5, vaults_room_fours,
          nicolae_vaults_three_branches, nicolae_vaults_little_squares_4,
          st_cells, vaults_mumra_minichess, hangedman_vaults_restitches,
          nicolae_vaults_little_squares_1, uniq_mara, uniq_boris
Vaults:5: serial_shops
Crypt:2:  uniq_boris, uniq_saint_roka
Crypt:3:  quadcrypt_mu
Tomb:3:   uniq_jory
Depths:1: pf_hell_entry_great_geh, abyss_entry, infiniplex_enter_wizlab_water,
          grunt_ministairs_1, onia_ninara_cookie, uniq_nikola, uniq_sojobo
Depths:2: evilmike_lava_path, rand_demon_pan_entry_5, minmay_misc_feat_tower,
          hell_entry, serial_column_ruins, column_ruins_open_small_water,
          column_ruins_corridor_straight, column_ruins_grid_1, abyss_entry
Depths:3: cell_vault, rand_demon_pan_entry_9, grunt_hell_entry_dis_mu,
          minmay_misc_feat_roman, infiniplex_staircase_hallway_doors,
          firewood_loft, uniq_xtahua, uniq_mennas
Depths:4: hangedman_spin_cycle, abyss_entry, serial_shops, hell_entry
Depths:5: evilmike_zot_entry_hall, hell_entry, hangedman_decor_push,
          minmay_shop_grove, serial_bayou_shore_a, uniq_enchantress,
          uniq_margery
Dis:4:    grunt_dis_stairs_iron_hall
Dis:6:    hangedman_dis_decor_tower, hangedman_dis_decor_blocks_mantle,
          door_vault
Dis:7:    dis_hangedman
Geh:3:    nicolae_geh_single_fiery_grave, grunt_megastairs_1
Geh:7:    geh_hangedman
Coc:7:    coc_old
Tar:7:    tar_minmay_river
Zot:2:    kennysheep_room_grid, basic_loot_grate_trap
Zot:4:    st_stairs_11
Zot:5:    bh_zot_levy_curve, st_stairs_13
Abyss:2:  evilmike_abyss_exit_15
Abyss:3:  nicolae_abyss_rune_star_stuff
Pan:      rand_demon_4, evilmike_mini_pan_possible_glass,
          pan_blood_fountain_small, grunt_pan_spiral,
          nicolae_pan_gloorx_vloqian_2, rand_demon_1, pan_blood_fountain_small,
          evilmike_mini_pan_pillars, grunt_pan_sceptre, rand_demon_7,
          pan_blood_fountain_2, special_room, pan_disco_hall,
          pan_blood_fountain_small, evilmike_mini_pan_thingy,
          pan_blood_fountain_small, nicolae_pan_door_chamber,
          evilmike_mini_pan_diamond, pan_blood_fountain_small,
          evilmike_mini_pan_branches, pan_blood_fountain, rand_demon_6,
          pan_blood_fountain_small, rand_demon_2, evilmike_mini_pan_T,
          grunt_pan_in_and_out, pan_blood_fountain, evilmike_mini_pan_T
Lab:      labyrinth_spiral, nicolae_lab_grate_2, nicolae_lab_plus
Trove:    trove_wands_scrolls
Ossuary:  ossuary_minmay_four_chambers
IceCv:    ice_cave_tombish
WizLab:   wizlab_golubria

Skill      XL: |  1  2  3  4  5  6  7  8  9 10 11 12 13 14 15 16 17 18 19 20 21 22 23 24 25 26 27 |
---------------+----------------------------------------------------------------------------------+-----
Stealth        | 6 10 13 15 17 23 | 23.3
Dodging        | 3 5 7 8 9 10 12 14 16 17 18 20 22 23 25 | 25.4
Fighting       | 2 3 4 5 7 8 10 12 13 14 16 18 19 | 19.1
Invocations    | 4 5 7 9 10 11 14 16 18 20 | 20.9
Spellcasting   | 8 9 11 14 15 17 20 22 25 | 25.0
Translocations | 5 12 14 16 17 19 | 19.0
Charms         | 6 11 12 | 12.0
Shields        | 3 6 7 |  7.0
Evocations     | 9 12 | 12.0
Hexes          | 2 12 | 12.0
Summonings     | 7 10 11 | 11.4
Ice Magic      | 5 |  5.0
Air Magic      | 3 |  3.0
Transmutations | 22 | 22.0
Necromancy     | 15 | 15.2
Armour         | 12 | 12.6
Short Blades   | |  2.1
Throwing       | |  2.0

Action                   |  1- 3 |  4- 6 |  7- 9 | 10-12 | 13-15 | 16-18 | 19-21 | 22-24 | 25-27 || total
-------------------------+-------+-------+-------+-------+-------+-------+-------+-------+-------++-------
 Cast: Repel Missiles    |       |       |       |     2 |     1 |     1 |     2 |       |       ||     6
       Blink             |       |       |       |     1 |     5 |    40 |    14 |    12 |    52 ||   124
       Regeneration      |       |       |       |       |     3 |   148 |   109 |   116 |   162 ||   538
       Shroud of Golubri |       |       |       |       |       |    47 |    82 |    50 |     2 ||   181
       Apportation       |       |       |       |       |       |     6 |     4 |     8 |    26 ||    44
       Passage of Golubr |       |       |       |       |       |     2 |     8 |    16 |    24 ||    50
       Invisibility      |       |       |       |       |       |       |    10 |    42 |    77 ||   129
       Passwall          |       |       |       |       |       |       |     2 |       |    11 ||    13
       Aura of Abjuratio |       |       |       |       |       |       |     1 |    14 |    71 ||    86
       Summon Butterflie |       |       |       |       |       |       |       |     7 |    48 ||    55
       Dispersal         |       |       |       |       |       |       |       |     1 |       ||     1
       Ozocubu's Armour  |       |       |       |       |       |       |       |       |    60 ||    60
       Haste             |       |       |       |       |       |       |       |       |    37 ||    37
       Deflect Missiles  |       |       |       |       |       |       |       |       |     4 ||     4
       Necromutation     |       |       |       |       |       |       |       |       |    41 ||    41
Invok: Recall Ancestor   |     8 |    23 |    11 |    50 |    92 |    68 |    46 |    44 |   129 ||   471
       Ancestor Life: Ba |       |       |     1 |       |       |       |       |       |       ||     1
       Transference      |       |       |       |     1 |     7 |    14 |     1 |       |       ||    23
       Idealise          |       |       |       |     5 |    21 |     1 |     3 |    14 |    38 ||    82
 Abil: Evoke Invisibilit |       |       |       |       |       |     1 |     3 |     1 |     3 ||     8
       Turn Visible      |       |       |       |       |       |     1 |     2 |     1 |       ||     4
       End Transformatio |       |       |       |       |       |       |       |       |     8 ||     8
       Evoke Flight      |       |       |       |       |       |       |       |       |     6 ||     6
Evoke: Wand              |       |       |       |     3 |       |     1 |     1 |     1 |    21 ||    27
       Fan of gales      |       |       |       |       |       |       |       |       |     1 ||     1
  Use: Scroll            |     9 |       |     4 |    20 |     9 |     2 |     9 |    12 |    34 ||    99
       Potion            |     3 |       |       |       |       |     3 |     3 |     2 |    23 ||    34
  Eat: Bread ration      |       |     1 |       |     1 |     1 |     4 |     1 |       |     2 ||    10
       Fruit             |       |       |       |     2 |     4 |       |     4 |     3 |    17 ||    30
       Royal jelly       |       |       |       |       |     2 |       |     1 |     6 |       ||     9
       Pizza             |       |       |       |       |     1 |       |     1 |     2 |     4 ||     8
Armor: Robe              |    12 |     5 |    11 |    14 |    38 |    62 |    44 |    38 |   125 ||   349
       Mottled dragon ar |       |       |       |       |       |       |       |       |   109 ||   109
Dodge: Dodged            |    86 |   131 |   231 |   371 |  1222 |  2236 |  1293 |  1144 |  3101 ||  9815
       Deflected         |       |       |       |     6 |     7 |    20 |    50 |    17 |    66 ||   166
Block: Buckler           |       |       |       |    30 |   514 |  1048 |   557 |   452 |  1135 ||  3736
